 Dungeon Crawl Stone Soup version 0.29.1-15-g9cfb28693d (webtiles) character file.

Game seed: 11424769932911280013

2543 javelincjr the Nimble (level 9, -6/56 HPs)
             Began as a Djinni Conjurer on Feb 27, 2023.
             Was an Initiate of Makhleb.
             Shot with a sling bullet by Joseph (11 damage)
             ... on level 7 of the Dungeon.
             The game lasted 00:33:18 (8034 turns).

javelincjr the Nimble (Djinni Conjurer)             Turns: 8034, Time: 00:33:18

Health: -6/56      AC:  6    Str:  8    XL:     9   Next: 85%
Gold:   239        EV: 14    Int: 23    God:    Makhleb [......] SH:  0 Dex: 11

rFire   + + .      SeeInvis .   c - +2 flail (protect)
rCold   . . .      Faith    .   (no shield)
rNeg    . . .      Spirit   .   D - +0 leather armour {rC+}
rPois   ∞          Reflect  .   j - +0 helmet
rElec   .          Harm     .   B - +0 cloak
rCorr   .          Rampage  .   p - +0 pair of gloves
Will    .....                   (boots unavailable)
Stlth   +++.......              (no amulet)
HPRegen 0.18/turn               m - ring of wizardry
MPRegen 0.00/turn               (no ring)

@: flying
A: sickness immunity, fire resistance 2, cold vulnerability 1, float, innate
caster, HP casting, extra vitality 1
a: Renounce Religion


You were on level 7 of the Dungeon.
You worshipped Makhleb.
Makhleb was noncommittal.
You visited 2 branches of the dungeon, and saw 8 of its levels.

You collected 239 gold pieces.

Inventory:

Hand Weapons
 c - a +2 flail of protection (weapon)
Missiles
 n - a throwing net
 F - 5 silver javelins
Armour
 j - a +0 helmet (worn)
 p - a +0 pair of gloves (worn)
 B - a +0 cloak (worn)
 D - a +0 leather armour of cold resistance (worn)
Jewellery
 m - a ring of wizardry (left hand)
Wands
 l - a wand of digging (7)
 r - a wand of flame (14)
 u - a wand of charming (10)
Scrolls
 f - 3 scrolls of enchant armour
 g - a scroll of blinking
 h - 7 scrolls of teleportation
 q - a scroll of butterflies
 s - 2 scrolls of poison
 w - 2 scrolls of immolation {unknown}
 y - a scroll of noise {unknown}
 A - a scroll of enchant weapon {unknown}
 E - a scroll of fear {unknown}
Potions
 d - 4 potions of lignification
 k - a potion of invisibility
 v - a potion of cancellation {unknown}
 x - a potion of heal wounds
 z - a potion of degeneration {unknown}
 C - a potion of mutation {unknown}


   Skills:
 * Level 0.9 Fighting
 + Level 0.6 Armour
 + Level 8.2 Dodging
 + Level 6.7 Stealth
 * Level 6.5 Spellcasting


You couldn't memorise any spells.
You knew the following spells:

 Your Spells              Type           Power      Damage    Failure   Level
a - Magic Dart            Conj           100%       1d8       1%          1
b - Searing Ray           Conj           74%        2d7       1%          2
c - Dazzling Flash        Conj/Hex       74%        N/A       1%          3
d - Fulminant Prism       Conj/Hex       18%        3d11      3%          4
e - Iskenderun's Mystic   Conj/Tloc      37%        2d9       3%          4
f - Sandblast             Erth           74%        2d16      1%          1
g - Poisonous Vapours     Pois/Air       74%        N/A       1%          2
h - Frozen Ramparts       Ice            74%        1d12      1%          3
i - Ignite Poison         Fire/Tmut/Pois 37%        N/A       1%          3
Your spell library was empty.

Dungeon Overview and Level Annotations

Branches:
Dungeon (7/15)             Temple (1/1) D:6

Altars:
Ashenzari
Elyvilon
Gozag
Hepliaklqana
Makhleb
Okawaru
Qazlal
Ru
Trog
Uskayaw
Wu Jian
Yredelemnul
Zin
The Shining One

Shops:
D:2 =(

Annotations:
D:7 Joseph


Innate Abilities, Weirdness & Mutations

You are immune to sickness and miasma.
You are immune to poison.
Your flesh is very heat resistant. (rF++)
You are vulnerable to cold. (rC-)
You float through the air rather than walking.
You learn spells naturally, not from books.
Your magical power is your life essence.
You have superior vitality. (+4 MHP)


Message History

You conjure a prism of explosive energy!
A fulminant prism comes into view.
The orc priest casts a cantrip, but nothing happens.
Joseph shoots a sling bullet.
The sling bullet hits you.
Casting: Fulminant Prism (dangerous; 3% risk of failure)
Confirm with . or Enter, or press ? or * to list all spells.
You erupt in a blast of force!
The mystic blast hits Joseph but does no damage.
Joseph is lightly wounded.
You hear a croak.
The orc warrior unwields a +0 hand axe.
The orc warrior wields a +0 arbalest.
The orc warrior shoots a bolt.
The bolt completely misses you.
The bolt closely misses Joseph.
The orc priest hits your fulminant prism with a +0 mace.
Joseph says, "You will never get the ORB, sorry."
Joseph shoots a sling bullet.
The sling bullet closely misses you.
The sling bullet hits the orc warrior.
Your fulminant prism crackles loudly.
Casting: Iskenderun's Mystic Blast (dangerous; 3% risk of failure)
Confirm with . or Enter, or press ? or * to list all spells.
You erupt in a blast of force!
The mystic blast hits Joseph!
Joseph is lightly wounded.
Joseph is knocked back by the mystic blast.
Joseph slams into the rock wall!
Joseph is lightly wounded.
* * * LOW HITPOINT WARNING * * *
The orc warrior shoots a bolt.
The bolt barely misses you.
The bolt barely misses Joseph.
The orc priest mumbles some strange prayers to Beogh against you.
Beogh smites you!
* * * LOW HITPOINT WARNING * * *
Your fulminant prism explodes!
The blast of energy engulfs Joseph!
Joseph is moderately wounded.
The blast of energy engulfs the orc priest!!
You kill the orc priest!
Makhleb accepts your kill.
The orc warrior shoots a bolt.
The bolt barely misses you.
The bolt hits Joseph!
Joseph shoots a sling bullet.
The sling bullet hits you!
You die...

.... ... ...
.) ..######.#
.##
....#@.##....
#...!...#
#@)...#
#.)#.....
#.... .##
...### .o##
...# .#.#
.##.#


You could see Joseph and an orc warrior.

Vanquished Creatures
  Pikel (D:4)
  Grinder (D:4)
  Prince Ribbit (D:5)
  Sigmund (D:3)
  Edmund (D:4)
  Duvessa (D:6)
  A water moccasin (D:6)
  2 black bears
  2 ice beasts
  A lemure (D:4)
  A bullfrog (D:5)
  3 scorpions
  Dowan (D:6)
  2 orc priests
  3 hounds
  3 iguanas
  6 orc wizards
  3 adders
  6 gnolls
  A shadow imp (D:6)
  2 white imps (D:6)
  2 ufetubi
  A worm (D:2)
  A dart slug (D:1)
  17 orcs
  6 endoplasms
  3 giant cockroaches
  7 goblins
  6 hobgoblins
  10 jackals
  7 kobolds
  3 quokkas
  7 ball pythons
  A bat (D:1)
  11 frilled lizards
  8 rats
133 creatures vanquished.

Vanquished Creatures (others)
  32 fulminant prisms
32 creatures vanquished.

Grand Total: 165 creatures vanquished

Notes
Turn   | Place    | Note
-------+----------+-------------------------------------------
     0 | D:1      | javelincjr the Djinni Conjurer began the quest for the Orb.
     0 | D:1      | javelincjr set off with the following spells memorised:
                  | Magic Dart, Searing Ray, Dazzling Flash, Fulminant Prism,
                  | Iskenderun's Mystic Blast.
     0 | D:1      | Reached XP level 1. HP: 15/15 MP: 0/0
   192 | D:1      | Reached XP level 2. HP: 14/21 MP: 0/0
   798 | D:1      | Reached XP level 3. HP: 16/25 MP: 0/0
   798 | D:1      | Learned a level 1 spell: Sandblast
  1036 | D:1      | Found a faded altar of an unknown god.
  1543 | D:2      | Found a sacrificial altar of Ru.
  1770 | D:2      | Reached skill level 3 in Dodging
  1865 | D:2      | Found Suefymog's One-of-a-Kind Rings.
  1981 | D:2      | Reached XP level 4. HP: 23/31 MP: 0/0
  2264 | D:2      | Found Ushraonn's Weapon Emporium.
  2393 | D:3      | Found an opulent altar of Gozag.
  2955 | D:3      | Reached XP level 5. HP: 34/35 MP: 0/0
  2955 | D:3      | Learned a level 2 spell: Poisonous Vapours
  3041 | D:3      | Noticed Sigmund
  3049 | D:3      | Killed Sigmund
  3050 | D:3      | Reached skill level 4 in Dodging
  3050 | D:3      | Reached XP level 6. HP: 22/40 MP: 0/0
  4076 | D:4      | Noticed a black bear
  4079 | D:4      | Noticed Grinder
  4082 | D:4      | Killed a black bear
  4083 | D:4      | Reached XP level 7. HP: 19/45 MP: 0/0
  4083 | D:4      | Learned a level 3 spell: Frozen Ramparts
  4101 | D:4      | Killed Grinder
  4102 | D:4      | Reached skill level 5 in Dodging
  4156 | D:4      | Noticed Edmund
  4505 | D:4      | Killed Edmund
  4506 | D:4      | Reached skill level 5 in Spellcasting
  4506 | D:4      | Reached XP level 8. HP: 21/50 MP: 0/0
  4792 | D:4      | Noticed Pikel
  4807 | D:4      | Killed Pikel
  4808 | D:4      | Reached skill level 6 in Dodging
  4808 | D:4      | Reached skill level 5 in Stealth
  5385 | D:4      | Found a stormy altar of Qazlal.
  5729 | D:5      | Entered Level 5 of the Dungeon
  5818 | D:5      | Reached XP level 9. HP: 50/55 MP: 0/0
  5818 | D:5      | Learned a level 3 spell: Ignite Poison
  5859 | D:5      | Noticed Prince Ribbit
  5861 | D:5      | Killed Prince Ribbit
  5862 | D:5      | Reached skill level 7 in Dodging
  7087 | D:6      | Noticed Duvessa
  7096 | D:6      | Noticed Dowan
  7100 | D:6      | Reached skill level 8 in Dodging
  7103 | D:6      | Killed Dowan
  7103 | D:6      | Killed Duvessa
  7369 | D:6      | Found a staircase to the Ecumenical Temple.
  7375 | Temple   | Entered the Ecumenical Temple
  7432 | Temple   | Became a worshipper of Makhleb the Destroyer
  7854 | D:7      | Noticed Joseph
  8034 | D:7      | Shot with a sling bullet by Joseph

Illustrated notes

Levels and vault maps discovered:
D:1:      erik_arrival_orb_chamber, layout_loops_ring,
          dreamdust_ecumenical_altar_statues
D:2:      layout_basic, basic_altar, serial_shops,
          nicolae_shop_competitors_out_of_business, nicolae_shop_unique_rings,
          serial_bayou_pond_b, minmay_lizard_pond
D:3:      layout_basic, marbit_many_paths, lightli_corner_chamber, uniq_sigmund
D:4:      layout_loops_cross, grunt_qazlal_sundering, uniq_pikel, uniq_grinder,
          uniq_edmund
D:5:      layout_loops_ring, uniq_prince_ribbit1
D:6:      layout_rooms, minmay_temple_entry_butterflies, hex_intersection,
          hangedman_abyss_or_decor_lesser_grid, uniq_duvessa
D:7:      layout_rooms, serial_shops, nicolae_shop_hallway_plus,
          chequers_ossuary_entry_cave, uniq_joseph
Temple:   dpeg_chambers_temple

Skill      XL: |  1  2  3  4  5  6  7  8  9 |
---------------+----------------------------+-----
Stealth        | 2 3 4 5 6 |  6.7
Dodging        | 3 4 5 6 8 |  8.2
Spellcasting   | 4 5 6 |  6.5
Fighting       | |  0.9
Armour         | |  0.6

Action                   |  1- 3 |  4- 6 |  7- 9 || total
-------------------------+-------+-------+-------++-------
Melee: Unarmed           |     2 |       |       ||     2
       Flail             |       |       |     9 ||     9
       Punch             |       |       |     1 ||     1
 Cast: Magic Dart        |    82 |    77 |    71 ||   230
       Searing Ray       |     1 |       |       ||     1
       Iskenderun's Myst |       |     8 |    28 ||    36
       Fulminant Prism   |       |     6 |    26 ||    32
       Poisonous Vapours |       |     1 |     5 ||     6
       Sandblast         |       |       |     6 ||     6
       Frozen Ramparts   |       |       |     1 ||     1
       Ignite Poison     |       |       |     1 ||     1
  Use: Potion            |       |       |     7 ||     7
       Scroll            |       |       |     8 ||     8
Armor: Robe              |     5 |     2 |     4 ||    11
       Skin              |       |       |     3 ||     3
       Leather armour    |       |       |     2 ||     2
Dodge: Dodged            |     8 |     7 |    25 ||    40
